Cogmind - Beta 15 @@@ ROGUE MODE // 2025.07.08 @ 10:29:19 Player: SuperSwiss Result: Destroyed by D-53 Grenadier with Mini Grenade Launcher Performance ------------- Evolutions (0) 0 Regions Visited (2) 400 Robots Destroyed (20) 100 Value Destroyed (281) 281 Prototype IDs (0) 0 Alien Tech Used (0) 0 Bonus (0) 0 TOTAL SCORE: 781 Bonus ------- None Cogmind --------- Core Integrity 0/250 Matter 286/300 Energy 98/100 System Corruption 0% Temperature Cool (0) Movement Rolling (90) Location -10/Mines Parts ------- > --- POWER (1) -------- (None) > --- PROPULSION (2) --- Wheel Compact Wheel > --- UTILITY (2) ------ Large Storage Unit > --- WEAPON (2) ------- Assault Rifle Light Assault Rifle > --- INVENTORY (15) --- Huge Storage Unit Medium Matter Pod (100) Hacking Suite Small Laser Light Assault Rifle Grenade Launcher Grenade Launcher Datajack Mining Laser Mining Laser Peak State ------------ > --- POWER ------------ Light Ion Engine > --- PROPULSION ------- Light Treads Wheel > --- UTILITY ---------- Large Storage Unit Improved Terrain Scanner > --- WEAPON ----------- Assault Rifle Light Assault Rifle > --- INVENTORY -------- Light Ion Engine Wheel Compact Wheel Huge Storage Unit Medium Matter Pod Hacking Suite Small Laser Assault Rifle Light Assault Rifle Light Assault Rifle Grenade Launcher Grenade Launcher Datajack Mining Laser [Rating: 10] Favorites ----------- Power Light Ion Engine Engine Light Ion Engine Propulsion Light Treads Treads Light Treads Wheel Wheel Utility Large Storage Unit Device Seismic Detector Storage Large Storage Unit Weapon Assault Rifle Ballistic Gun Assault Rifle Launcher Grenade Launcher Build | -11 -10 -10 ------- Run | Yrd Mat Min Slots Evolved . | . . . Power . | . . . Propulsion . | . . . Utility . | . . . Weapon . | . . . Parts Attached 16 | 7 4 5 Power 2 | 1 . 1 Engine 2 | 1 . 1 Core . | . . . Reactor . | . . . Propulsion 5 | 2 1 2 Treads 2 | 1 1 . Leg . | . . . Wheel 3 | 1 . 2 Hover . | . . . Flight . | . . . Utility 4 | 2 1 1 Device 2 | 1 . 1 Storage 2 | 1 1 . Processor . | . . . Hackware . | . . . Protection . | . . . Artifact . | . . . Weapon 5 | 2 2 1 Energy Gun . | . . . Energy Cannon . | . . . Ballistic Gun 4 | 2 1 1 Ballistic Cannon . | . . . Launcher 1 | . 1 . Special Weapon . | . . . Impact Weapon . | . . . Slashing Weapon . | . . . Piercing Weapon . | . . . Special Melee Weapon . | . . . Unidentified Prototypes . | . . . Parts Lost 9 | . 2 7 Power 2 | . . 2 Propulsion 3 | . 1 2 Utility 2 | . 1 1 Weapon 2 | . . 2 Highest Loss Streak 7 | . 1 7 To Critical Strikes . | . . . Average Backups 9 | 3 8 13 Power . | . 1 . Propulsion 1 | 1 1 1 Utility 1 | . 1 2 Weapon 5 | . 4 7 Tool/Special . | . . . Unused Backups 10 | . 2 8 Power . | . . . Propulsion 1 | . 1 . Utility 4 | . 1 3 Weapon 4 | . . 4 Tool/Special 1 | . . 1 Average Slot Usage (%) 91 | . 96 84 Engine 13 | . 14 12 Treads 13 | . 14 12 Wheel 14 | . 13 15 Device 7 | . 10 2 Storage 14 | . 14 14 Ballistic Gun 25 | . 24 25 Launcher 1 | . 3 . Peak Build Rating 10 | 7 7 10 Average Rating 7 | 5 6 7 On Entrance 4 | . 7 7 Naked Turns . | . . . Heaviest Build 27 | 12 27 27 Greatest Support 26 | 20 20 26 Greatest Overweight (x) 2 | 1 2 2 Average Overweight (x) 1 | . 1 1 Largest Inventory Capacity 15 | 8 15 15 Average Capacity 11 | 7 9 15 Most Carried 15 | 4 13 15 Average Carried 9 | 3 8 13 Final Capacity 15 | 8 15 15 Final Carried 13 | 4 13 10 Class Distribution -------------------- 100% | Mutant Dominant Class ---------------- Mutant | -10/Materials Mutant | -10/Mines Resources | -11 -10 -10 ----------- Run | Yrd Mat Min Matter Collected 665 | 322 204 139 Remotely . | . . . Salvage Created 410 | 108 262 40 Parts 45 | 15 24 6 Haulers Intercepted 1 | . 1 . Recyclers Shooed 2 | 1 1 . Parts Field Recycled . | . . . Retrieved Matter . | . . . Parts Self-Destructed . | . . . Prevented . | . . . Kills | -11 -10 -10 ------- Run | Yrd Mat Min Combat Hostiles Destroyed 11 | . 9 2 Guns 8 | . 6 2 AOE 3 | . 3 . Classes Destroyed 5 | 1 4 . Tunneler 6 | 5 . 1 Hauler 1 | . 1 . Operator 2 | . 2 . Swarmer 8 | . 6 2 Grunt 3 | . 3 . Best Kill Streak 4 | 4 3 2 Combat Bots Only 3 | . 3 2 Max Kills in Single Turn 2 | 1 2 1 Gunslinging . | . . . Exploded 2 | . 2 . Melee . | . . . Uniques/NPCs Destroyed . | . . . Combat | -11 -10 -10 -------- Run | Yrd Mat Min Hostile Shots Fired 87 | . 43 44 Missed 20 | . 11 9 Hits 67 | . 32 35 Projectile 67 | . 32 35 AOE 11 | . . 11 Damage Taken 934 | . 346 588 Core 252 | . 16 236 Absorbed by Shields . | . . . Core Remaining (%) 100 | 100 . . Volleys Fired 49 | 13 29 7 Largest 2 | 2 2 2 Hottest 50 | 40 50 40 Shots Fired 98 | 26 58 14 Gun 96 | 26 56 14 Cannon . | . . . Launcher 2 | . 2 . Special . | . . . Kinetic 96 | 26 56 14 Thermal . | . . . Explosive 2 | . 2 . Electromagnetic . | . . . Robot Hit Streak 9 | 9 9 8 Robot Miss Streak 2 | 1 2 2 Penetration Max . | . . . Secondary Targets . | . . . Shots Hit Robots 65 | 18 37 10 Core Hits 33 | 8 19 6 Critical Kills 1 | . 1 . Critical Parts Destroyed 1 | 1 . . Critical Strikes 2 | 1 1 . Destroy 2 | 1 1 . Melee Attacks . | . . . Impact . | . . . Slashing . | . . . Piercing . | . . . Sneak Attacks . | . . . Combat Hostiles . | . . . Follow-up Attacks . | . . . Damage Inflicted 896 | 197 590 109 Guns 692 | 197 392 103 Cannons . | . . . Explosions 198 | . 198 . Melee . | . . . Ramming 6 | . . 6 Kinetic 692 | 197 392 103 Thermal . | . . . Explosive 198 | . 198 . Electromagnetic . | . . . Impact . | . . . Slashing . | . . . Piercing . | . . . Highest Corruption . | . . . Average Corruption . | . . . Corruption Purged . | . . . Corruption Blocked . | . . . Overload Shots . | . . . Overflow Damage . | . . . Projectiles . | . . . Explosions . | . . . Melee . | . . . Knockbacks 1 | . . 1 Impact 1 | . . 1 Kinetic . | . . . Secondary . | . . . Self-Inflicted Damage 3 | . . 3 Shots . | . . . Rammed 1 | . . 1 Targets Rammed 1 | . . 1 Kicked . | . . . Crushed . | . . . Highest Temperature 9 | . 9 . Average Temperature 8 | . 8 . Received Heat Transfer 117 | . 117 . Siege Activations . | . . . Martial Activations . | . . . Shielding Activations . | . . . Robots Disrupted . | . . . Combat Hostiles . | . . . Robots Corrupted . | . . . Combat Hostiles . | . . . Parts Fried . | . . . Impact Corruptions . | . . . Robots Melted . | . . . Combat Hostiles . | . . . Parts Melted . | . . . Heat Transferred . | . . . Parts Sabotaged . | . . . Parts Stolen . | . . . Parts Stripped . | . . . Power Chain Reactions . | . . . Alert | -11 -10 -10 ------- Run | Yrd Mat Min Maximum Alert Level . | . . . Low Security (%) 100 | 100 100 100 Level 1 . | . . . Level 2 . | . . . Level 3 . | . . . Level 4 . | . . . Level 5 . | . . . High Security . | . . . Max Security . | . . . Peak Influence 89 | 10 89 80 Initial . | . . . Average 15 | 1 23 6 Influence Increases 423 | 25 283 115 Destroy 0b10 Robot/C 220 | . 180 40 Destroy 0b10 Robot/NC 45 | 25 15 5 Destroy Leader 52 | . 42 10 Successful Hack 11 | . 11 . Disable Machine 15 | . 15 . Destroy Structure 5 | . 5 . Lose Combat Pursuer 75 | . 15 60 Influence Decreases 351 | 25 283 43 Time Decay 331 | 25 263 43 Lost Part 20 | . 20 . Squads Dispatched 1 | . 1 . Investigation . | . . . Extermination . | . . . Reinforcement 1 | . 1 . Assault . | . . . Garrison . | . . . Intercept . | . . . Searches Triggered . | . . . Construction Impeded . | . . . Haulers Reinforced . | . . . Active Scanning Responses . | . . . Cargo Convoy Interrupts . | . . . Stealth | -11 -10 -10 --------- Run | Yrd Mat Min Distress Signals 1 | . 1 . Communications Jammed . | . . . Distress Signals . | . . . Times Spotted 29 | . 21 8 Peak Tracking Total 5 | . 5 5 Tactical Retreats 3 | . 1 2 Traps | -11 -10 -10 ------- Run | Yrd Mat Min Traps Triggered 1 | . 1 . Indirectly . | . . . Trap Hack Attempts . | . . . Triggered . | . . . Disarmed . | . . . Reprogrammed . | . . . Reused . | . . . Traps Extracted . | . . . Installed . | . . . Triggered . | . . . Machines | -11 -10 -10 ---------- Run | Yrd Mat Min Machines Disabled 1 | . 1 . Max in Single Turn 1 | . 1 . Machines Repaired . | . . . Machines Dismantled . | . . . Machines Sabotaged . | . . . Overloaded Fab Kills . | . . . Hacking | -11 -10 -10 --------- Run | Yrd Mat Min Machines Accessed 5 | . 5 . Terminals 5 | . 5 . Fabricators . | . . . Repair Stations . | . . . Recycling Units . | . . . Scanalyzers . | . . . Garrison Access . | . . . Total Hacks 17 | . 17 . Successful 11 | . 11 . Failed 5 | . 5 . Catastrophic . | . . . Database Lockouts 1 | . 1 . Manual 13 | . 13 . Terminals 17 | . 17 . Fabricators . | . . . Repair Stations . | . . . Recycling Units . | . . . Scanalyzers . | . . . Garrison Access . | . . . Terminal Hacks 6 | . 6 . Record 1 | . 1 . Robot Analysis 2 | . 2 . Locate Traps 1 | . 1 . Hauler Manifests 1 | . 1 . Registered Components 1 | . 1 . Fabricator Hacks . | . . . Repair Station Hacks . | . . . Recycling Unit Hacks . | . . . Scanalyzer . | . . . Garrison Access Hacks . | . . . Unauthorized Hacks 5 | . 5 . Terminals 5 | . 5 . Botnet 5 | . 5 . Fabricators . | . . . Repair Stations . | . . . Recycling Units . | . . . Scanalyzers . | . . . Garrison Access . | . . . Data Cores Recovered . | . . . Used . | . . . Hacking Detections 5 | . 5 . Full Trace Events . | . . . Feedback Events . | . . . Feedback Blocked . | . . . Robot Schematics Acquired . | . . . Robots Built . | . . . Authchips . | . . . Time . | . . . Total Robot Build Rating . | . . . Part Schematics Acquired . | . . . Parts Built . | . . . Authchips . | . . . Time . | . . . Total Part Build Rating . | . . . Parts Repaired . | . . . Time . | . . . Parts Recycled . | . . . Recycled Matter . | . . . Retrieved Matter . | . . . Retrieved Components . | . . . Parts Scanalyzed . | . . . Part Schematics Acquired . | . . . Parts Damaged . | . . . Bothacking | -11 -10 -10 ------------ Run | Yrd Mat Min Used RIF Installer . | . . . Robots Hacked . | . . . Non-combat . | . . . Combat . | . . . Robot Hacks Applied . | . . . Relay Couplers Released . | . . . Fabnet Peak Effective % . | . . . Robots Rewired . | . . . Allies Hacked . | . . . Hacks Repelled . | . . . Allies | -11 -10 -10 -------- Run | Yrd Mat Min Total Allies . | . . . Largest Group . | . . . Highest-Rated Group . | . . . Highest-Rated Ally . | . . . Total Orders . | . . . Ally Attacks . | . . . Total Damage . | . . . Kills . | . . . Allies Corrupted . | . . . Allies Melted . | . . . Intel | -11 -10 -10 ------- Run | Yrd Mat Min Active Infowar (turns) 773 | 57 607 109 Terrain 109 | . . 109 Seismic 664 | 57 607 . Robot Analysis Total 2 | . 2 . Derelict Logs Recovered 1 | . . 1 Drone Launches . | . . . Drone Recoveries . | . . . Exploration | -11 -10 -10 ------------- Run | Yrd Mat Min Turns Passed 1411 | 121 774 516 Spaces Moved 1061 | 75 588 398 Core 3 | 3 . . Treads 75 | 2 72 1 Legs . | . . . Wheels 983 | 70 516 397 Hover . | . . . Flight . | . . . Fastest Speed 50 | 50 95 90 Average Speed 106 | 92 107 107 Slowest Speed 240 | 160 160 240 Overloaded Moves . | . . . Propulsion Burnouts . | . . . Robots Hopped . | . . . Potential Cave-ins . | . . . Cave-ins Triggered . | . . . Exploration Rate (%) 52 | 5 97 55 Regions Visited 2 Branch Regions 1 Pre-discovered Areas . | . . . Known Exits Taken . | . . . Unknown Exits Taken 2 | 1 1 . Scrap Searched 1 | . . 1 Spaces Dug . | . . . Terrain Destroyed 4 | . 4 . Melee . | . . . Projectile . | . . . AOE 4 | . 4 . Terrain Rammed . | . . . Walls Destroyed . | . . . Machines Disabled . | . . . Actions | -11 -10 -10 --------- Run | Yrd Mat Min Total 1250 | 99 677 474 Wait 99 | 1 38 60 Move 1059 | 74 587 398 Hop . | . . . Pick Up 18 | 4 12 2 Fast Attach 10 | 7 2 1 Attach 6 | . 1 5 Detach . | . . . Swap 5 | . 5 . Drop 3 | . 3 . Fire 49 | 13 29 7 Melee . | . . . Ram 1 | . . 1 Kick . | . . . Crush . | . . . Escape Stasis . | . . . Rewire . | . . . Trap . | . . . Miscellaneous . | . . . Route ------- -11/Scrapyard -10/Materials (discovered 6 exits: *Mat x3 / [*Min x2] / [*Sub]) -10/Mines (discovered 1 exit: Mat) History --------- Turn | Location | Event 15 | -11/Scrapyard | Discovered new exit (range 16) 122 | -11/Scrapyard | Entered Materials 160 | -10/Materials | Discovered new exit (range 10) 163 | -10/Materials | Discovered new exit (range 9) 301 | -10/Materials | Build established: Mutant 409 | -10/Materials | Discovered new exit (range 8) 413 | -10/Materials | Discovered new exit (range 15) 542 | -10/Materials | Central database locked down 717 | -10/Materials | Discovered new exit (range 5) 810 | -10/Materials | Discovered new exit (range 15) 896 | -10/Materials | Entered Mines 897 | -10/Mines | Assembled infested the area 1109 | -10/Mines | Identified exit to Materials 1347 | -10/Mines | Found a Scrap Suit stashed away for nefarious purposes 1352 | -10/Mines | Core integrity fell below 50% 1378 | -10/Mines | Core integrity fell below 20% 1400 | -10/Mines | Lost 7 parts (2p2n1u2w) 1412 | -10/Mines | Destroyed by D-53 Grenadier with Mini Grenade Launcher Last Messages --------------- 01339_ U-05 Engineer builds a Wall. 01342_ Assault Rifle destroyed. 01343_ U-05 Engineer lays Concrete. 01344_ U-05 Engineer builds a Wall. 01346_ Lgt. Assault Rifle destroyed. 01346_ Lgt. Treads destroyed. 01347_ A message is left with an item here: "H4-X0R! I managed to smuggle one out! Take this to the hideout, the fools near Old Recycling think they can use this tech to beat 0b10 one day, and now we just have to find a way to safely deliver this to MAIN.C to get on their good side and convince them to let us into the system." 01348_ U-05 Engineer builds a Wall. 01348_ Wheel destroyed. 01350_ Imp. Terrain Scanner destroyed. 01351_ The unstable cave ceiling collapses. 01367_ Slammed into T-07 Excavator. 01367_ T-07 Excavator knocked back. 01369_ Lgt. Ion Engine destroyed. 01382_ S-10 Pest destroyed. 01392_ Acquired 21 matter. [Achievement: This Is Interesting...] Map ----- +----------------------------------------------------+ | ??????????????????####??????????####??????????? | | ###########??????## ##????????## ##?####????? | | #??????# ###?###### ### ##???? | | """ """ #??????# ### ##??? | | """ """ #?????## #??? | | """ """ #?##### #??? | | #?# #### ##??? | | """ """ #?# ### #??## #???? | | """ """ #?# #?## ##??### #???? | | """ """ #?# #??### #????# ##??? | | #?# #????## ###### #??? | | ######## ##?# #?????# ## ## ##?? | | ?#?????# #?## ####### ### ##? | | ###????# #??# #?## #? | | #????# #### #########??##### #? | | # ##???# #??????????????## ##? | | # #?#??# ######???????????????## ##?? | | # ###### #?????????????????????# ##??? | | # ## #?#??????????????????## ###???? | | ##### ## #???????????????????## ##?????? | | ????# ## ###????????###??????# ##??????? | | ????# ## ##??????## ####??# #####???????? | | ????# # ## ####???## ##?## ##???????????? | | ##### # # # #???# ##?## #????????????? | | #???# #### ##???????????? | | ###### #????? ?#?#@ #???????????? | | ?????# # #?????????## #???????????? | | ????### #??????????## ##???????????? | | ??????# ##???????????## ##????????????? | | ??????# # #####?##?????##d###?????????????? | | ?#????## ##?????####d#???????????????? | | ?#????# # ##????# #???????????????? | | ???????# ##???# ## #???????????????? | | # ! ##??# ## #???????????????? | | ##?# ## #???????????????? | | ### ## #######???###???? | | # % ## #??## ##??? | | ## #### # ####### ####* #??? | | ?## #??### ###?????###### * == #??? | | ??# #?????#########????????????# ##### ##?? | | ??# ???????????????????????????# #???# #?? | | ??# ????????????????????????????# #???# #? | | ??# ????????????????#????????????# #???## #? | | ??#??????????????????????????????# #????# #? | | ?????????????????????????????????# #????# #? | | ?????????????????????????????????# #???? #? | | ?????????????????????????????????# ???? #? | | ?????? ?????????????????????????? ???? #? | | ?????????????????????????????????####???? #? | | ????????????????????????????????????????? #? | +----------------------------------------------------+ Best States ------------- Heat Dissipation 25 Energy Generation 10 Energy Capacity 125 Matter Stores 300 Matter Capacity 300 Sight Range 16 Terrain Scan Range 16 Terrain Scan Density 10 Evasion (%) 44 Recoil Reduction 2 Item Schematics ----------------- None Robot Schematics ------------------ None Fabricated ------------ Nothing Repaired ---------- Nothing Alien Tech Used ----------------- None Achievements -------------- This Is Interesting... Challenges ------------ None Game ------ Seed NullMeleeCapacitor Manual? 0 Play Time 00:15:40 Cumulative 119.4 hours Start 2025.07.08 @ 10:15:24 End 2025.07.08 @ 10:29:19 Sessions 1 Manual Loads 0 Difficulty Rogue Special Mode None Game No. 99 Rogue 96 Adventurer 0 Explorer 3 Win Type - Total 1 Types 1/0/0/0/0/0/0/0/0/0 Lore% 25 Gallery% 46 Achievement% 44 Wizard Run 0 Options --------- Layout 0 ASCII 0 Keyboard 0 Movement Numpad Keybinds 0 Fullscreen 2 Font 16/SmallcapsGlow Map View 88x55 Zoom Use 0% Tactical HUD 1 Map Filters NONE Filters NONE Steam 1 RUN: eaa39a42-57ad-4685-b43a-294ae8eac11f